 Dungeon Crawl Stone Soup version 0.22-a0-542-gce4f928 (webtiles) character file.

325 inc the Magician (level 6, -2/36 HPs)
             Began as an Octopode Enchanter on June 24, 2018.
             Was an Initiate of Gozag.
             Killed by divine providence
             ... invoked by an orc priest
              (9 damage)
             ... on level 3 of the Dungeon.
             The game lasted 00:09:33 (3881 turns).

inc the Magician (Octopode Enchanter)               Turns: 3881, Time: 00:09:35

Health: -2/36      AC:  1    Str:  7    XL:     6   Next: 48%
Magic:  14/14      EV: 13    Int: 19    God:    Gozag
Gold:   471        SH:  0    Dex: 13    Spells: 9/15 levels left

rFire    . . .     SeeInvis .   v - +2 dagger (venom)
rCold    . . .     Gourm    .   (no shield)
rNeg     . . .     Faith    .   (helmet restricted)
rPois    .         Spirit   .   y - amulet of rage
rElec    .         Reflect  .   z - ring of wizardry
rCorr    .         Harm     .   (no ring)
MR       .....                  (no ring)
Stlth    +++.......             (no ring)
HPRegen  0.12/turn              (no ring)
MPRegen  0.14/turn              (no ring)
                                (no ring)
                                (no ring)

@: no status effects
A: almost no armour, stealthy swim, amphibious, 8 rings, constrict 8, camouflage
1, gelatinous body 1
a: Potion Petition, Call Merchant, Bribe Branch, Renounce Religion, Evoke
Berserk Rage


You were on level 3 of the Dungeon.
You worshipped Gozag.
Gozag was aware of your devotion.
You were not hungry.

You visited 1 branch of the dungeon, and saw 4 of its levels.

You collected 500 gold pieces.
You paid 29 gold pieces to Gozag.

Inventory:

Hand Weapons
 a - a +1 dagger
 v - a +2 dagger of venom (weapon)
 x - a +0 vampiric dagger
Armour
 n - a +0 shield
Jewellery
 m - an uncursed amulet of harm
 y - an amulet of rage (around mantle)
 z - a ring of wizardry (left tentacle)
Scrolls
 e - 3 scrolls of remove curse
 f - a scroll of enchant weapon {unknown}
 g - 2 scrolls of blinking {unknown}
 h - 2 scrolls of noise {unknown}
 i - a scroll of fog {unknown}
 j - a scroll of magic mapping {unknown}
 l - 2 scrolls of teleportation {unknown}
 p - a scroll of fear
 s - a scroll of immolation
Potions
 b - a potion of flight {unknown}
 d - 3 potions of agility
 k - a potion of heal wounds {unknown}
 o - 3 potions of haste
 q - a potion of might {unknown}
 r - a potion of cancellation
 t - a potion of curing {unknown}
 u - a potion of brilliance {unknown}
 w - 3 potions of lignification {unknown}
Comestibles
 c - 2 rations


   Skills:
 - Level 1.0 Short Blades
 - Level 2.0 Dodging
 - Level 4.0 Stealth
 - Level 5.3 Spellcasting
 + Level 3.0 Hexes
 - Level 2.9 Ice Magic


You had 9 spell levels left.
You knew the following spells:

 Your Spells              Type           Power        Failure   Level  Hunger
a - Corona                Hex            ###....      1%          1    None
b - Ensorcelled Hibernat  Hex/Ice        ###...       2%          2    None
c - Confuse               Hex            ###.....     4%          3    ##.....

Your spell library contained the following spells:

 Spells                   Type           Power        Failure   Level  Hunger
 Magic Dart               Conj           #...         4%          1    None
 Conjure Flame            Conj/Fire      #.......     14%         3    ##.....
 Slow                     Hex            ###.....     2%          2    None
 Mephitic Cloud           Conj/Pois/Air  #.......     14%         3    ##.....
 Blink                    Tloc           N/A          8%          2    None
 Call Imp                 Summ           #.......     8%          2    None
 Tukima's Dance           Hex            ###.....     4%          3    ##.....
 Dazzling Spray           Conj/Hex       ##....       8%          3    ##.....


Dungeon Overview and Level Annotations

Branches:
Dungeon (4/15)
 Temple: D:4-7

Altars:
Elyvilon
Gozag

Annotations:
D:2 Terence


Innate Abilities, Weirdness & Mutations

You cannot wear most types of armour.
You are very stealthy in the water. (Stealth+)
You are amphibious.
You can wear up to eight rings at the same time.
You can use your tentacles to constrict eight enemies at once.
Your skin changes colour to match your surroundings (Stealth+).
Your rubbery body absorbs attacks. (AC +1, EV +1)


Message History

Things that are here:
a dagger; a club
There is a stone staircase leading up here.
You climb upwards.
The orc priest mumbles some strange prayers to Beogh against you.
Beogh smites you!
* * * LOW HITPOINT WARNING * * *
The orc shouts!
There is a stone staircase leading down here.
Unknown command.
There are monsters nearby!
Unknown command.
The bat hits you.
* * * LOW HITPOINT WARNING * * *
Okay, then.
The bat closely misses you.
The orc priest calls down the wrath of Beogh upon you.
Beogh smites you!
You die...
Your body crumbles into a pile of gold.

#######.####..#.......>##........
≈≈≈≈≈.'...##...).###.#.##........
......'......#.......#.##........
≈≈≈≈≈.'..##....#[#..##.##.)......
#######.###....#.#..##..#........
#...............o.###)#########
###..###.......>.....o##
##...(..##.....[##...#
####....###.b@#...##.)#
#....##..##........#..####
..###....##.[##....##....#
...##.....[<.# #....wo...#####
#.....<.....######...........
####.....#..............(....
#..)...........#..........
#.....##.#####...........$
#.....##.# ######.......


You could see a worm, an orc priest, an orc and a bat.

Vanquished Creatures
  A scorpion (D:4)
  A hound (D:4)
  An orc priest (D:3)
  A bullfrog skeleton (D:4)
  Jessica (D:2)
  A hound skeleton (D:4)
  Robin (D:4)
  3 adders
  An ooze (D:1)
  A worm (D:2)
  A dart slug (D:1)
  A leopard gecko (D:2)
  12 orcs
  5 bats
  2 giant cockroaches (D:2)
  11 goblins
  9 hobgoblins
  10 jackals
  6 kobolds
  2 quokkas
  2 ball pythons
  7 frilled lizards
  16 rats
96 creatures vanquished.

Vanquished Creatures (others)
  4 toadstools (D:1)
4 creatures vanquished.

Grand Total: 100 creatures vanquished

Notes
Turn   | Place    | Note
-------+----------+-------------------------------------------
     0 | D:1      | inc the Octopode Enchanter began the quest for the Orb.
     0 | D:1      | Reached XP level 1. HP: 11/11 MP: 3/3
   384 | D:1      | Reached XP level 2. HP: 17/17 MP: 3/5
   388 | D:1      | Learned a level 2 spell: Ensorcelled Hibernation
   437 | D:1      | Reached skill level 1 in Ice Magic
   782 | D:1      | Reached XP level 3. HP: 14/21 MP: 1/6
  1373 | D:2      | Found an opulent altar of Gozag.
  1373 | D:2      | Found a white marble altar of Elyvilon.
  1377 | D:2      | Became a worshipper of Gozag Ym Sagoz the Greedy
  1885 | D:2      | Noticed Jessica
  1898 | D:2      | Killed Jessica
  1898 | D:2      | Reached skill level 3 in Spellcasting
  1898 | D:2      | Reached XP level 4. HP: 13/27 MP: 0/8
  2208 | D:2      | Noticed Terence
  2756 | D:2      | Reached XP level 5. HP: 12/31 MP: 5/10
  2979 | D:3      | Reached skill level 4 in Spellcasting
  3386 | D:4      | Noticed an ogre
  3502 | D:4      | Reached skill level 5 in Spellcasting
  3502 | D:4      | Reached XP level 6. HP: 30/36 MP: 11/13
  3579 | D:4      | Noticed Robin
  3586 | D:4      | Killed Robin
  3791 | D:4      | Learned a level 3 spell: Confuse
  3881 | D:3      | Killed from afar by an orc priest

Vault maps used:
D:1:      ldierk_water_garden, minmay_rat_gold_closets
D:2:      gammafunk_temple_overflow_elements, uniq_terence, uniq_jessica
D:3:      kennysheep_cross_bottleneck
D:4:      first_ration, uniq_robin

Skill      XL: |  1  2  3  4  5 |
---------------+----------------+-----
Ice Magic      | 1 2 |  2.9
Spellcasting   | 3 5 |  5.3
Short Blades   | |  1.0
Dodging        | |  2.0
Stealth        | |  4.0
Hexes          | |  3.0

Action                   |  1- 3 |  4- 6 || total
-------------------------+-------+-------++-------
Melee: Dagger            |   102 |   111 ||   213
       Constrict         |    18 |    35 ||    53
       Tentacles         |    10 |    20 ||    30
 Cast: Ensorcelled Hiber |    15 |    10 ||    25
       Corona            |     1 |       ||     1
  Use: Potion            |     1 |       ||     1
       Scroll            |       |     6 ||     6
 Stab: Sleeping          |    27 |     5 ||    32
  Eat: Chunk             |     2 |       ||     2
       Ration            |     1 |     2 ||     3
Armor: Skin              |     8 |     8 ||    16
Dodge: Dodged            |    52 |    80 ||   132

Table legend:
 A = Spawn XP
 B = Non-spawn XP
 C = Spawn XP percentage of total XP
 D = Spawn monster count
 E = Non-spawn monster count
 F = Spawn count percentage of total count
 G = Total turns spent on level
                    A         B        C        D         E        F      G
               +---------+---------+-------+---------+---------+-------+---------
         Total |       0 |     465 |   0.0 |       0 |      96 |   0.0 |  3881
               +---------+---------+-------+---------+---------+-------+---------
           D:1 |       0 |      48 |   0.0 |       0 |      30 |   0.0 |  1335
           D:2 |       0 |      94 |   0.0 |       0 |      25 |   0.0 |  1511
           D:3 |       0 |      88 |   0.0 |       0 |      18 |   0.0 |   487
           D:4 |       0 |     235 |   0.0 |       0 |      23 |   0.0 |   548
               +---------+---------+-------+---------+---------+-------+---------
